 Dungeon Crawl Stone Soup version 0.31-a0-740-g87205ac768 (webtiles) character file.

Game seed: 15284899284938275557

53 pokeman the Magician (level 3, -9/20 HPs)
             Began as a Deep Elf Hedge Wizard on Sept 12, 2023.
             Mangled by a worm (10 damage)
             ... on level 2 of the Dungeon.
             The game lasted 00:02:28 (1665 turns).

pokeman the Magician (Deep Elf Hedge Wizard)        Turns: 1665, Time: 00:02:28

Health: -9/20      AC:  2    Str:  7    XL:     3   Next: 62%
Magic:  0/11       EV: 12    Int: 20    God:
Gold:   47         SH:  0    Dex: 14    Spells: 4/12 levels left

rFire   . . .        a - +0 dagger
rCold   . . .        (no shield)
rNeg    . . .        b - +0 robe
rPois   .            c - +0 hat
rElec   .            (no cloak)
rCorr   .            (no gloves)
SInv    .            (no boots)
Will    .....        (no amulet)
Stlth   ++           (no ring)
HPRegen 0.23/turn    (no ring)
MPRegen 0.12/turn

%: no passive effects
@: lethally poisoned (-9 -> -10), attractive, very slightly contaminated
A: no striking features
a: no special abilities


You were on level 2 of the Dungeon.
You visited 1 branch of the dungeon, and saw 2 of its levels.

You collected 47 gold pieces.

Inventory:

Hand Weapons
 a - a +0 dagger (weapon)
Missiles
 e - 6 curare-tipped darts
 i - a throwing net
Armour
 b - a +0 robe (worn)
 c - a +0 hat (worn)
 j - quicksilver dragon scales
Wands
 l - a wand of digging (5)
Scrolls
 g - a scroll of immolation {unknown}
 h - a scroll of identify {unknown}
 k - a scroll of fog {unknown}
 m - a scroll of blinking {unknown}
Potions
 d - a potion of magic


   Skills:
 + Level 1.0 Fighting
 + Level 1.0 Armour
 - Level 2.4 Dodging
 - Level 2.4 Stealth
 * Level 5.3 Spellcasting
 + Level 2.0 Conjurations
 - Level 1.1 Summonings
 - Level 1.1 Translocations


You had 4 spell levels left.
You knew the following spells:

 Your Spells              Type           Power      Damage    Failure   Level
a - Magic Dart            Conj           52%        1d5       4%          1
b - Mephitic Cloud        Conj/Pois/Air  8%         N/A       26%         3
c - Call Imp              Summ           18%        N/A       11%         2
d - Blink                 Tloc           18%        N/A       11%         2

Your spell library contained the following spells:

 Spells                   Type           Power      Damage    Failure   Level
 Slow                     Hex            20%        N/A       11%         1
 Cigotuvi's Dreadful Rot  Necr/Pois/Air  10%        N/A       17%         2
 Gell's Gravitas          Tloc           9%         N/A       22%         3
 Teleport Other           Tloc           9%         N/A       22%         3
 Dispersal                Tloc           4%         N/A       100%        6


Dungeon Overview and Level Annotations

Branches:
Dungeon (2/15)

Altars:
Dithmenos


Message History

The jackal bites you but does no damage.
You hit the jackal but do no damage. The jackal completely misses you.
You hit the jackal but do no damage. The jackal barely misses you.
The jackal bites you but does no damage.
You hit the jackal but do no damage. The jackal closely misses you.
You hit the jackal but do no damage. The jackal closely misses you.
The jackal misses you.
You hit the jackal.
The jackal is severely wounded.
The jackal barely misses you.
You hit the jackal.
You kill the jackal!
Your Fighting skill increases to level 1!
Your Conjurations skill increases to level 2!
You hit the worm.
The worm is lightly wounded.
The worm attacks as it pursues you! The worm misses you.
Casting: Magic Dart (safe; 4% risk of failure)
Confirm with . or Enter, or press ? or * to list all spells.
Aiming: Mephitic Cloud (extremely dangerous; 26% risk of failure)
Press: ? - help, Shift-Dir - straight line, f - worm
Aim: a worm (lightly wounded, chance to affect: 81%)
You miscast Mephitic Cloud.
You are very lightly contaminated with residual magic.
You feel odd!
You are poisoned.
Ouch! That really hurt!
* * * LOW HITPOINT WARNING * * *
x2 You feel sick.
Unknown command.
* * * LOW HITPOINT WARNING * * *
You feel sick.
It was a potion of attraction.
You feel attractive to monsters.
* * * LOW HITPOINT WARNING * * *
You feel sick.
* * * LOW HITPOINT WARNING * * *
You feel sick. The worm attacks as it pursues you! The worm bites you!
Ouch! That really hurt!
You die...

## .###### #. # ......# #. #.
...##.# #. #.. ....#.## #. #g.#
.......# #. ##..#
.#.....########. #######..#
###.#.........#.######....#...#
######.####.#.@w...†).#...#...#
###.#....####.########......##..#
.#......<..##.# #.......##J.
.........#....# #..###.## #.
....####......# #).....#####
...## ##......# #...##.....# ..##
#......## #...######..
.######>.#...### #...# #.#
......#.....[..# #...# #.#


You could see a worm.

Vanquished Creatures
  A gnoll (D:2)
  A dart slug (D:2)
  6 endoplasms
  A giant cockroach (D:1)
  6 goblins
  3 hobgoblins (D:1)
  2 jackals (D:2)
  4 kobolds
  A quokka (D:1)
  3 ball pythons
  4 bats
  3 frilled lizards (D:1)
  4 rats
39 creatures vanquished.

Notes
Turn   | Place    | Note
-------+----------+-------------------------------------------
     0 | D:1      | pokeman the Deep Elf Hedge Wizard began the quest for the
                  | Orb.
     0 | D:1      | Reached XP level 1. HP: 10/10 MP: 7/7
   383 | D:1      | Reached XP level 2. HP: 15/16 MP: 4/9
   921 | D:1      | Reached skill level 5 in Spellcasting
  1213 | D:2      | Reached XP level 3. HP: 20/20 MP: 9/11
  1227 | D:2      | Learned a level 3 spell: Mephitic Cloud
  1230 | D:2      | Learned a level 2 spell: Call Imp
  1233 | D:2      | Learned a level 2 spell: Blink
  1411 | D:2      | Found a shadowy altar of Dithmenos.
  1619 | D:2      | Reached skill level 1 in Armour
  1659 | D:2      | Reached skill level 1 in Fighting
  1665 | D:2      | HP: 1/20 [poisoned by miscasting Mephitic Cloud]
  1665 | D:2      | Mangled by a worm

Illustrated notes

Levels and vault maps discovered:
D:1:      tarquinn_simple_flora_water_d, layout_basic, dreamdust_wishing_well,
          minmay_vboxes
D:2:      minmay_alternating_diamond, layout_loops_cross, basic_altar,
          nicolae_figureground_sparkle

Skill      XL: |  1  2  3 |
---------------+----------+-----
Spellcasting   | 5 |  5.3
Armour         | 1 |  1.0
Fighting       | 1 |  1.0
Conjurations   | 2 |  2.0
Dodging        | |  2.4
Stealth        | |  2.4
Summonings     | |  1.1
Translocations | |  1.1

Action                     || total
---------------------------++-------
  Melee: Dagger            ||    28
   Cast: Magic Dart        ||    85
         Mephitic Cloud    ||     1
    Use: Potion            ||     1
 Armour: Robe              ||    23
  Dodge: Dodged            ||    33

Table legend: (Time is in decaauts)
 A = Elapsed time spent in this place.
 B = Non-inter-level travel time spent in this place.
 C = Inter-level travel time spent in this place.
 D = Time resting spent in this place.
 E = Time spent auto-exploring this place.
 F = Levels seen in this place.
 G = Mean time per level.
                   A        B        C        D        E       F      G
               +--------+--------+--------+--------+--------+-----+--------+
         Total |   1664 |   1655 |      9 |      0 |   1436 |   2 |  832.0 |
       Dungeon |   1664 |   1655 |      9 |      0 |   1436 |   2 |  832.0 |
               +--------+--------+--------+--------+--------+-----+--------+

Top non-repeatable levels by time:
     D:1: 1176 daAuts
     D:2: 488 daAuts
